 Dungeon Crawl Stone Soup version 0.28-a0-1493-g08698888e4 (webtiles) character file.

Game seed: 5483847255190378771

49 Hasart the Ruffian (level 3, -1/28 HPs)
             Began as a Demigod Transmuter on Jan 12, 2022.
             Succumbed to a goblin's poison
             ... on level 3 of the Dungeon.
             The game lasted 00:02:08 (1794 turns).

Hasart the Ruffian (Demigod Transmuter)             Turns: 1794, Time: 00:02:09

Health: -1/28      AC:  3    Str: 15    XL:     3   Next: 32%
Magic:  3/8        EV: 12    Int: 15    God:
Gold:   71         SH:  0    Dex: 14    Spells: 3/6 levels left

rFire   . . .      SeeInvis .     - Unarmed
rCold   . . .      Faith    .   (no shield)
rNeg    . . .      Spirit   .   a - +0 robe
rPois   .          Reflect  .   (no helmet)
rElec   .          Harm     .   (no cloak)
rCorr   .          Rampage  .   (no gloves)
Will    .....                   b - +0 pair of boots
Stlth   +.........              (no amulet)
HPRegen 0.09/turn               (no ring)
MPRegen 0.11/turn               (no ring)

@: lethally poisoned (-1 -> -12), wereblooded (expiring)
A: high mp 1, forlorn, divine attributes
a: no special abilities


You were on level 3 of the Dungeon.
You visited 1 branch of the dungeon, and saw 3 of its levels.

You collected 71 gold pieces.

Inventory:

Armour
 a - a +0 robe (worn)
 b - a +0 pair of boots (worn)
Scrolls
 c - a scroll of fog {unknown}
 d - a scroll of identify {unknown}
 f - 2 scrolls of fear {unknown}
 g - a scroll of noise {unknown}
Potions
 e - a potion of curing {unknown}
 h - a potion of brilliance {unknown}
 i - 2 potions of heal wounds {unknown}


   Skills:
 + Level 1.5 Fighting
 + Level 2.2 Dodging
 + Level 3.0 Unarmed Combat
 + Level 2.1 Spellcasting
 + Level 2.2 Transmutations


You had 3 spell levels left.
You knew the following spells:

 Your Spells              Type           Power      Damage    Failure   Level
a - Beastly Appendage     Tmut           16%        N/A       9%          1
b - Wereblood             Tmut           8%         N/A       13%         2

Your spell library contained the following spells:

 Spells                   Type           Power      Damage    Failure   Level
 Spider Form              Tmut/Pois      4%         N/A       38%         3
 Ice Form                 Ice/Tmut       4%         N/A       80%         4
 Summon Forest            Summ/Tloc      0%         N/A       99%         5
 Summon Mana Viper        Hex/Summ       1%         N/A       99%         5
 Summon Cactus Giant      Summ           0%         N/A       100%        6


Dungeon Overview and Level Annotations

Branches:
Dungeon (3/15)


Innate Abilities, Weirdness & Mutations

You have an increased reservoir of magic. (+10% MP)
You shall have no god before yourself.
Your divine heritage dramatically boosts your attributes as you level up.


Message History

You are too injured to fight recklessly!
You hit Robin. You claw Robin.
Robin is moderately wounded.
You howl as the wereblood boils in your veins!
You closely miss Robin. You headbutt Robin, but do no damage.
Robin is moderately wounded.
Robin hits you with a +0 trident.
* * * LOW HITPOINT WARNING * * *
Unknown command.
You closely miss Robin. You claw Robin. You headbutt Robin!
You feel a bit better.
You kill Robin!
The hobgoblin barely misses you.
Unknown command.
You hit the hobgoblin. Your headbutt misses the hobgoblin.
The hobgoblin is severely wounded.
You barely miss the hobgoblin. Your headbutt misses the hobgoblin.
The hobgoblin is heavily wounded.
A goblin comes into view. It is wielding a +0 dagger.
The hobgoblin hits you.
* * * LOW HITPOINT WARNING * * *
The goblin hits you with a +0 dagger of venom.
* * * LOW HITPOINT WARNING * * *
You are lethally poisoned!
You closely miss the goblin. Your kick misses the goblin.
Your headbutt misses the goblin.
Your horns disappear.
Your talons disappear.
Your +0 pair of boots unmelds from your body.
* * * LOW HITPOINT WARNING * * *
You feel sick. The hobgoblin closely misses you.
Unknown command.
You closely miss the goblin.
* * * LOW HITPOINT WARNING * * *
You feel sick. The goblin hits you but does no damage.
You are more poisoned.
The hobgoblin closely misses you.
Unknown command.
You closely miss the goblin. Your punch misses the goblin.
Your primal bloodlust is almost over.
You die...

#.# #.#
#.####
#.<..#
#.##.# #.
#.##.# #.
..##)#
#.#####.#
#.#####@#
#..#gggg#
#..#g####
#..#<.#.#
#......g#
##...†###
#..>.gg
##.#.#. #
#.#g


You could see 2 hobgoblins and 3 goblins.

Vanquished Creatures
  Robin (D:3)
  4 bats
  3 endoplasms
  9 goblins
  3 hobgoblins
  2 jackals (D:1)
  3 kobolds
  A quokka (D:2)
  2 ball pythons (D:1)
  A frilled lizard (D:2)
  5 rats
34 creatures vanquished.

Notes
Turn   | Place    | Note
-------+----------+-------------------------------------------
     0 | D:1      | Hasart the Demigod Transmuter began the quest for the Orb.
     0 | D:1      | Reached XP level 1. HP: 15/15 MP: 5/5
   172 | D:1      | Reached skill level 1 in Fighting
   509 | D:1      | Reached XP level 2. HP: 13/23 MP: 5/7
   681 | D:1      | Learned a level 2 spell: Wereblood
   715 | D:1      | Noticed a cacodemon
  1618 | D:2      | Reached skill level 3 in Unarmed Combat
  1767 | D:3      | Noticed Robin
  1781 | D:3      | Reached XP level 3. HP: 28/28 MP: 2/8
  1789 | D:3      | Killed Robin
  1793 | D:3      | HP: 1/28 [poisoned by a goblin]
  1794 | D:3      | Succumbed to a goblin's poison

Illustrated notes

Levels and vault maps discovered:
D:1:      dpeg_arrival_stone_temple_mockup, layout_basic,
          dreamdust_ecumenical_altar_sealed_demon, grunt_decor_arrowhead,
          minmay_misc_feat_encased
D:2:      layout_rooms, basic_altar
D:3:      layout_basic, uniq_robin

Skill      XL: |  1  2 |
---------------+-------+-----
Fighting       | 1 |  1.5
Transmutations | 2 |  2.2
Dodging        | 2 |  2.2
Spellcasting   | 2 |  2.1
Unarmed Combat | 3 |  3.0

Action                   || total
-------------------------++-------
Melee: Unarmed           ||   113
       Punch             ||     5
       Kick              ||     8
       Headbutt          ||     6
 Cast: Beastly Appendage ||     3
       Wereblood         ||     1
 Stab: Sleeping          ||     1
Armor: Robe              ||    23
Dodge: Dodged            ||    74

Table legend: (Time is in decaauts)
 A = Elapsed time spent in this place.
 B = Non-inter-level travel time spent in this place.
 C = Inter-level travel time spent in this place.
 D = Time resting spent in this place.
 E = Time spent auto-exploring this place.
 F = Levels seen in this place.
 G = Mean time per level.
                   A        B        C        D        E       F      G
               +--------+--------+--------+--------+--------+-----+--------+
         Total |   1787 |   1733 |     54 |    161 |   1289 |   3 |  595.7 |
       Dungeon |   1787 |   1733 |     54 |    161 |   1289 |   3 |  595.7 |
               +--------+--------+--------+--------+--------+-----+--------+

Top non-repeatable levels by time:
     D:1: 1383 daAuts
     D:2: 362 daAuts
     D:3: 41 daAuts
